 Dungeon Crawl Stone Soup version 0.16.0-8-gd9ae3a8 (console) character file.

1625 gw the Bolt Thrower (level 8, -6/73 HPs)
             Began as a Deep Dwarf Arcane Marksman on Mar 16, 2015.
             Was an Initiate of Elyvilon.
             Killed from afar by an orc wizard (7 damage)
             ... with a puff of flame
             ... on level 7 of the Dungeon.
             The game lasted 00:08:49 (8610 turns).

gw the Bolt Thrower (Deep Dwarf Arcane Marksman)    Turns: 8610, Time: 00:08:49

Health: -6/73      AC:  5    Str: 15      XL:     8   Next: 65%
Magic:  7/8        EV: 11    Int: 16      God:    Elyvilon [......]
Gold:   278        SH:  0    Dex:  8 (12) Spells: 2 memorised, 11 levels left

rFire  . . .     SeeInvis .     b - +0 short sword
rCold  . . .     Clarity  .     k - +0 leather armour
rNeg   . . .     SustAb   .     (no shield)
rPois  .         Gourm    .     h - +1 helmet
rElec  .         Spirit   .     (no cloak)
rCorr  .         Warding  .     (no gloves)
rMut   .         Stasis   .     (no boots)
MR     +....                    (no amulet)
Stlth  +.........               (no ring)
                                (no ring)

@: non-regenerating, heavily drained, somewhat resistant to hostile
enchantments, very unstealthy
A: damage resistance, recharge devices, sense surroundings 1, slow healing 3
a: Device Recharging, Renounce Religion


You were on level 7 of the Dungeon.
You worshipped Elyvilon.
Elyvilon was noncommittal.
You were not hungry.

You visited 2 branches of the dungeon, and saw 8 of its levels.

You collected 278 gold pieces.

Inventory:

Hand weapons
 b - a +0 short sword (weapon)
 g - a +0 hand crossbow
Missiles
 c - 41 bolts
Armour
 h - a +1 helmet (worn)
 k - a +0 leather armour (worn)
Magical devices
 e - a wand of heal wounds (4)
Scrolls
 l - a scroll of remove curse
 m - 7 scrolls of identify
Potions
 i - a potion of agility
 o - 2 potions of curing
 r - 2 potions of restore abilities
Books
 d - a book of Debilitation

   Spells                             Type                      Level
   a - Corona                         Hexes                        1
   b - Slow                           Hexes                        2
   c - Inner Flame                    Hexes/Fire                   3
   d - Enslavement                    Hexes                        4
   e - Cause Fear                     Hexes                        4
   f - Leda's Liquefaction            Hexes/Earth                  4
Comestibles
 a - 2 chunks of flesh
 f - 2 bread rations
 n - 3 meat rations
 p - a beef jerky


   Skills:
 + Level 4.4(2.4) Fighting
 + Level 5.4(3.4) Crossbows
 + Level 4.7(2.7) Armour
 - Level 2.1(0.3) Dodging
 + Level 4.5(2.5) Spellcasting
 + Level 4.5(2.5) Hexes
 * Level 2.1(0.2) Invocations


You had 11 spell levels left.
You knew the following spells:

 Your Spells              Type           Power        Failure   Level  Hunger
a - Corona                Hex            ##.....      10%         1    #......
b - Enslavement           Hex            ##......     85%         4    #####..


Dungeon Overview and Level Annotations

Branches:
Dungeon (7/15)             Temple (1/1) D:6

Altars:
Ashenzari
Cheibriados
Elyvilon
Gozag
Makhleb
Nemelex Xobeh
Okawaru
Qazlal
Ru
Xom
Zin
The Shining One

Annotations:
D:3 exclusion: 2 downstairs


Innate Abilities, Weirdness & Mutations

You are resistant to damage.
You can recharge devices by infusing magical energy.
You passively map a small area around you.
You do not heal naturally.


Message History

Your wand of heal wounds (0) glows for a moment and now has 5 charges.
The orc warrior hits you with a morningstar of draining!!
You feel drained.
The orc priest becomes somewhat translucent.
Unknown command.
Unknown command.
Unknown command.
Unknown command.
Evoke which item? (* to show all) (? for menu, Esc to quit)
Zapping:
e - a wand of heal wounds (5)
Press: ? - help, Shift-Dir - straight line, f - you You feel much better.
This wand has 4 charges left.
The orc warrior stops glowing.
The orc warrior hits you with a morningstar of draining!!
You feel drained.
The orc priest mumbles some strange prayers to Beogh against you.
Something smites you!
The orc wizard points at you and mumbles some strange words.
The puff of flame hits you!
You die...

#.# ##)#####...# ,
#.###..)..<...... ,
#.##.###.##..###**
* ,, #....# #.....#
* ####.###.###.# *
##...## #.# # ,
##.## #.# * .##.. ,
,
#.#####.####co.....
#.........goo#, ,
#.#####...oo.......
, #.# #######.##..
, #.. , , , # ###*
* *


You could see an orc warrior, a centaur, an orc priest, an orc wizard and 2
orcs.

Table legend:
 A = Turns spent in this place as a percentage of turns spent in the entire game.
 B = Non-inter-level travel turns spent in this place as a percentage of non-inter-level travel turns spent in the entire game.
 C = Inter-level travel turns spent in this place as a percentage of turns spent in this place.
 D = Turns resting spent in this place as a percentage of non-inter-level travel turns spent in this place.
 E = Turns spent auto-exploring this place as a percentage of non-inter-level travel turns spent in this place.
 F = Non-inter-level travel turns spent in this place divided by the number of levels of this place that you've seen.
                   A       B       C       D       E      F
               +-------+-------+-------+-------+-------+----------------------
         Total | 100.0 | 100.0 |   0.4 |   1.6 |   1.9 | 1843.5
       Dungeon |  99.0 |  99.0 |   0.4 |   1.6 |   1.9 | 2085.7
        Temple |   1.0 |   1.0 |   0.7 |   0.0 |   2.7 | 148.0
               +-------+-------+-------+-------+-------+----------------------

Table legend:
 A = Kills in this place as a percentage of kills in entire the game.
 B = Kills by you in this place as a percentage of kills by you in the entire game.
 C = Kills by friends in this place as a percentage of kills by friends in the entire game.
 D = Other kills in this place as a percentage of other kills in the entire game.
 E = Experience gained in this place as a percentage of experience gained in the entire game.
 F = Experience gained in this place divided by the number of levels of this place that you have seen.
                   A       B       C       D       E      F
               +-------+-------+-------+-------+-------+----------------------
         Total | 100.0 | 100.0 |  -nan |  -nan | 100.0 | 290.2
       Dungeon | 100.0 | 100.0 |  -nan |  -nan | 100.0 | 331.7
               +-------+-------+-------+-------+-------+----------------------

Vanquished Creatures
  The ghost of gw the Cudgeler, an average MiSu (D:4)
  A centaur (D:6)
  2 ogres (D:6)
  A big kobold (D:7)
  2 giant frogs
  A wyvern zombie (D:6)
  A scorpion (D:4)
  A goliath beetle (D:6)
  A crimson imp (D:6)
  A hound (D:5)
  A quasit (D:5)
  An orc priest (D:6)
  A gnoll shaman (D:6)
  2 giant frog skeletons
  2 jellies
  An orc wizard (D:6)
  Natasha (thrice) (D:3)
  7 worker ants
  A hound zombie (D:6)
  Terence (D:2)
  A worker ant zombie (D:5)
  Robin (D:4)
  8 adders
  9 gnolls
  2 giant mites
  3 worms
  2 giant geckos (D:3)
  An ooze (D:3)
  22 orcs
  A bat skeleton (D:6)
  7 giant cockroaches
  16 hobgoblins
  2 jackals (D:1)
  14 kobolds
  3 quokkas
  A ball python (D:3)
  8 bats
  A giant gecko zombie (D:6)
  3 giant newts
  23 goblins
  A jackal skeleton (D:4)
  10 rats
171 creatures vanquished.

Notes
Turn   | Place    | Note
--------------------------------------------------------------
     0 | D:1      | gw, the Deep Dwarf Arcane Marksman, began the quest for the Orb.
     0 | D:1      | Reached XP level 1. HP: 16/16 MP: 2/2
   160 | D:1      | Reached skill level 1 in Fighting
   329 | D:1      | Reached XP level 2. HP: 16/25 MP: 1/3
   984 | D:2      | Reached skill level 1 in Armour
  1054 | D:2      | Noticed Terence
  1092 | D:2      | Killed Terence
  1092 | D:2      | Reached XP level 3. HP: 19/31 MP: 0/5
  1442 | D:2      | Found an iron altar of Okawaru.
  2453 | D:3      | Reached XP level 4. HP: 25/39 MP: 3/6
  2506 | D:3      | Learned a level 4 spell: Enslavement
  2725 | D:3      | Noticed Natasha
  3031 | D:3      | Killed Natasha
  3068 | D:4      | Found a shimmering altar of Xom.
  3068 | D:4      | Noticed an angel
  3073 | D:4      | Found a glowing silver altar of Zin.
  3113 | D:4      | Noticed Robin
  3123 | D:4      | Killed Robin
  3176 | D:4      | Reached skill level 3 in Crossbows
  3182 | D:4      | Reached XP level 5. HP: 23/45 MP: 0/8
  3837 | D:4      | Noticed gw's ghost (average MiSu)
  4026 | D:3      | Noticed Natasha
  4029 | D:3      | Killed Natasha
  4053 | D:3      | Noticed Natasha
  4058 | D:3      | Killed Natasha
  4300 | D:3      | Reached XP level 6. HP: 28/55 MP: 3/9
  4811 | D:4      | Killed gw's ghost
  5157 | D:4      | Reached skill level 4 in Crossbows
  5157 | D:4      | Reached XP level 7. HP: 36/62 MP: 9/11
  5285 | D:5      | Entered Level 5 of the Dungeon
  6636 | D:6      | Reached XP level 8. HP: 46/72 MP: 10/12
  6676 | D:6      | Found a sacrificial altar of Ru.
  6681 | D:6      | Found a snail-covered altar of Cheibriados.
  7409 | D:6      | Reached skill level 5 in Crossbows
  7643 | D:6      | Found a staircase to the Ecumenical Temple.
  7781 | Temple   | Entered the Ecumenical Temple
  7812 | Temple   | Became a worshipper of Elyvilon the Healer
  8106 | D:6      | Reached skill level 1 in Invocations
  8610 | D:7      | HP: 1/73 [orc priest/divine providence (12)]
  8610 | D:7      | Killed from afar by an orc wizard

Action                   |  1- 3 |  4- 6 |  7- 9 || total
-------------------------+-------+-------+-------++-------
Melee: Club              |    21 |       |       ||    21
       Short sword       |    63 |   157 |   308 ||   528
 Fire: Hand crossbow     |    36 |    49 |    59 ||   144
 Cast: Corona            |    55 |    90 |   123 ||   268
 Abil: Device Recharging |       |     3 |     7 ||    10
Evoke: Wand              |     4 |    13 |    28 ||    45
  Use: Potion            |     8 |     3 |     1 ||    12
       Scroll            |     5 |     7 |     3 ||    15
  Eat: Chunk             |     7 |    10 |     8 ||    25
       Bread ration      |       |       |     1 ||     1

Vault maps used:
D:1:      minmay_arrival_plants_in_alcoves
D:2:      nicolae_overflow_crystal_walls, uniq_terence
D:3:      first_bread, uniq_natasha
D:4:      grunt_temple_overflow_order_and_chaos_1, uniq_robin
D:6:      amethyst_overflow_temple_binary, minmay_temple_entry_poolview
D:7:      fedhas_altar_1, bloody_trog, uniq_pikel
Temple:   temple_island_7
